 Dungeon Crawl Stone Soup version 0.30-a0-219-gf2db51d15e (webtiles) character file.

Game seed: 6620024662936380282

39 gelatine the Stinger (level 3, -1/24 HPs)
             Began as a Demonspawn Venom Mage on Oct 7, 2022.
             Killed by nerve-wracking pain
             ... invoked by Jessica
              (13 damage)
             ... on level 2 of the Dungeon.
             The game lasted 00:03:00 (1500 turns).

gelatine the Stinger (Demonspawn Venom Mage)        Turns: 1500, Time: 00:03:01

Health: -1/24      AC:  2    Str:  8    XL:     3   Next: 28%
Magic:  4/6        EV: 12    Int: 18    God:
Gold:   71         SH:  0    Dex: 13    Spells: 6/7 levels left

rFire   . . .      SeeInvis .    d - +1 dagger (venom)
rCold   . . .      Faith    .    (no shield)
rNeg    . . .      Spirit   .    a - +0 robe
rPois   .          Reflect  .    (helmet restricted)
rElec   .          Harm     .    (no cloak)
rCorr   .          Rampage  .    (no gloves)
Will    .....                    (no boots)
Stlth   ++........               (no amulet)
HPRegen 0.24/turn                (no ring)
MPRegen 0.10/turn                (no ring)

@: no status effects
A: horns 1, sturdy frame 1
a: no special abilities


You were on level 2 of the Dungeon.
You visited 1 branch of the dungeon, and saw 2 of its levels.

You collected 71 gold pieces.

Inventory:

Hand Weapons
 d - a +1 dagger of venom (weapon)
Armour
 a - a +0 robe (worn)
Jewellery
 f - a ring of positive energy
Scrolls
 e - 3 scrolls of vulnerability {unknown}
 g - 3 scrolls of identify {unknown}
 i - 3 scrolls of magic mapping {unknown}
 k - a scroll of fear {unknown}
 m - a scroll of immolation {unknown}
 o - a scroll of silence {unknown}
Potions
 b - a potion of magic
 c - a potion of cancellation {unknown}
 h - a potion of curing {unknown}
 j - a potion of flight {unknown}
 l - a potion of brilliance {unknown}
 n - a potion of invisibility {unknown}


   Skills:
 * Level 0.2 Fighting
 + Level 0.1 Short Blades
 * Level 0.1 Armour
 * Level 2.0 Dodging
 * Level 1.9 Stealth
 + Level 2.5 Spellcasting
 + Level 1.2 Transmutations
 * Level 3.4 Poison Magic


You had 6 spell levels left.
You knew the following spells:

 Your Spells              Type           Power      Damage    Failure   Level
a - Sting                 Tmut/Pois      40%        1d5       7%          1

Your spell library contained the following spells:

 Spells                   Type           Power      Damage    Failure   Level
 Poisonous Vapours        Pois/Air       16%        N/A       13%         2
 Mephitic Cloud           Conj/Pois/Air  6%         N/A       32%         3
 Olgreb's Toxic Radiance  Pois           14%        N/A       38%         4


Dungeon Overview and Level Annotations

Branches:
Dungeon (2/15)

Altars:
Ashenzari

Annotations:
D:2 Jessica


Innate Abilities, Weirdness & Mutations

You have a pair of small horns on your head.
Your movements are slightly less encumbered by armour. (ER -2)


Message History

The hobgoblin is almost dead.
The hobgoblin hits you.
You hit the hobgoblin.
You kill the hobgoblin!
You see here a hobgoblin corpse.
Your magical contamination has completely faded away.
A hobgoblin comes into view.
Found a scroll labelled XEKAHU FUAX.
The sting hits the hobgoblin.
The hobgoblin is poisoned.
The hobgoblin is almost dead.
The hobgoblin shouts!
You kill the hobgoblin!
You can't see any susceptible monsters within range! (Use Z to cast anyway.)
You can't see any susceptible monsters within range! (Use Z to cast anyway.)
o - a scroll labelled XEKAHU FUAX
Found a robe.
Jessica the Apprentice Sorceress comes into view.
She is wielding a +0 dagger and carrying a wand of polymorph (6).
Jessica shouts!
Jessica gestures at you while chanting. Pain shoots through your body!
The sting hits Jessica but does no damage.
Jessica is poisoned.
A rat comes into view.
Jessica gestures at you while chanting. Pain shoots through your body!
You are too injured to fight recklessly!
You are too injured to fight recklessly!
You are too injured to fight recklessly!
Casting: Sting (safe; 7% risk of failure)
Confirm with . or Enter, or press ? or * to list all spells.
Aiming: Sting (safe; 7% risk of failure)
Press: ? - help, Shift-Dir - straight line, f/p - Jessica
Aim: Jessica, wielding a +0 dagger, wearing a +0 robe and carrying a wand of polymorph (6) (moderately wounded, poisoned, 71% to hit)
The sting hits Jessica but does no damage.
Jessica looks even sicker.
Jessica is moderately wounded.
Jessica points at you and mumbles some strange words.
Pain shoots through your body!
Ouch! That really hurt!
You die...

...##### ..###.............#
.#..# #...... ##............#
.##.# #..r... #...#####.#####
.##.# ....... ##.#.# #.#####
.##.#####....... #..#.#####......
....<...........##.......##......
....†....#...@..#...#.##.#....>..
.........#......#...#.##.†.......
.........#......@.###.###........
...#####...#.##..## #.# ##.......
.## ##.. #..# ###....... .##### .
#... #......... .....# [...
#.#..#....... .....# ......
.....#....... .....##...
......####..##....... .........#
##...... #...#....... ....###.###
#####.#.#.......


You could see Jessica (very poisoned) and a rat.

Vanquished Creatures
  A worm (D:2)
  A dart slug (D:2)
  An endoplasm (D:1)
  5 giant cockroaches
  7 goblins
  2 hobgoblins (D:2)
  2 jackals (D:1)
  3 ball pythons
  3 bats
  2 frilled lizards
  A kobold (D:1)
  4 rats
32 creatures vanquished.

Notes
Turn   | Place    | Note
-------+----------+-------------------------------------------
     0 | D:1      | gelatine the Demonspawn Venom Mage began the quest for the
                  | Orb.
     0 | D:1      | Reached XP level 1. HP: 13/13 MP: 3/3
    18 | D:1      | Found a broken altar of Ashenzari.
   364 | D:1      | Gained mutation: Your movements are slightly less
                  | encumbered by armour. (ER -2) [demonic ancestry]
   364 | D:1      | Reached XP level 2. HP: 19/19 MP: 3/5
   517 | D:1      | Reached skill level 1 in Transmutations
  1143 | D:2      | Gained mutation: You have a pair of small horns on your
                  | head. [demonic ancestry]
  1143 | D:2      | Reached XP level 3. HP: 20/24 MP: 0/6
  1497 | D:2      | Noticed Jessica
  1500 | D:2      | Killed from afar by Jessica

Illustrated notes

Levels and vault maps discovered:
D:1:      sevenhm_arrival_forest_fort_small_6, layout_basic
D:2:      layout_rooms, hellmonk_ecumenical_altar_leap_of_faith, uniq_jessica

Skill      XL: |  1  2  3 |
---------------+----------+-----
Transmutations | 1 |  1.2
Dodging        | 2 |  2.0
Fighting       | |  0.2
Short Blades   | |  0.1
Armour         | |  0.1
Stealth        | |  1.9
Spellcasting   | |  2.5
Poison Magic   | |  3.4

Action                   || total
-------------------------++-------
Melee: Dagger            ||    18
       Headbutt          ||     1
 Cast: Sting             ||    54
Armor: Robe              ||     8
Dodge: Dodged            ||    20

Table legend: (Time is in decaauts)
 A = Elapsed time spent in this place.
 B = Non-inter-level travel time spent in this place.
 C = Inter-level travel time spent in this place.
 D = Time resting spent in this place.
 E = Time spent auto-exploring this place.
 F = Levels seen in this place.
 G = Mean time per level.
                   A        B        C        D        E       F      G
               +--------+--------+--------+--------+--------+-----+--------+
         Total |   1499 |   1478 |     21 |      0 |   1251 |   2 |  749.5 |
       Dungeon |   1499 |   1478 |     21 |      0 |   1251 |   2 |  749.5 |
               +--------+--------+--------+--------+--------+-----+--------+

Top non-repeatable levels by time:
     D:1: 1054 daAuts
     D:2: 444 daAuts
